 Dungeon Crawl Stone Soup version 0.28.0 (webtiles) character file.

Game seed: 1069716285963113019

31 trckry the Conjurer (level 3, -8/26 HPs)
             Began as a Draconian Conjurer on Feb 13, 2022.
             Mangled by Sigmund (12 damage)
             ... on level 2 of the Dungeon.
             The game lasted 00:04:22 (1582 turns).

trckry the Conjurer (Draconian Conjurer)            Turns: 1582, Time: 00:04:23

Health: -8/26      AC:  5    Str:  9    XL:     3   Next: 7%
Magic:  1/6        EV: 12    Int: 20    God:
Gold:   34         SH:  0    Dex:  9    Spells: 3/6 levels left

rFire   . . .      SeeInvis .   g - +0 spear
rCold   . . .      Faith    .   (no shield)
rNeg    . . .      Spirit   .   (armour unavailable)
rPois   .          Reflect  .   (helmet restricted)
rElec   .          Harm     .   (no cloak)
rCorr   .          Rampage  .   (no gloves)
Will    .....                   (no boots)
Stlth   +.........              (no amulet)
HPRegen 0.08/turn               (no ring)
MPRegen 0.10/turn               (no ring)

@: confused, lethally poisoned (-8 -> -9)
A: AC +5, unfitting armour, cold-blooded
a: no special abilities


You were on level 2 of the Dungeon.
You visited 1 branch of the dungeon, and saw 2 of its levels.

You collected 34 gold pieces.

Inventory:

Hand Weapons
 g - a +0 spear (weapon)
Scrolls
 c - a scroll of fog {unknown}
 d - a scroll of identify {unknown}
Potions
 a - a potion of mutation {unknown}
 e - a potion of curing {unknown}
 f - 2 potions of brilliance {unknown}


   Skills:
 - Level 1.7 Dodging
 - Level 1.7 Stealth
 + Level 2.4 Spellcasting
 * Level 4.7 Conjurations


You had 3 spell levels left.
You knew the following spells:

 Your Spells              Type           Power      Damage    Failure   Level
a - Magic Dart            Conj           84%        1d7       2%          1
b - Searing Ray           Conj           42%        2d6       3%          2

Your spell library contained the following spells:

 Spells                   Type           Power      Damage    Failure   Level
 Dazzling Flash           Conj/Hex       22%        N/A       17%         3
 Fulminant Prism          Conj/Hex       5%         3d7       50%         4
 Iskenderun's Mystic Bla  Conj/Tloc      11%        2d4       50%         4


Dungeon Overview and Level Annotations

Branches:
Dungeon (2/15)

Altars:

Annotations:
D:2 Sigmund


Innate Abilities, Weirdness & Mutations

Your plain brown scales are hard. (AC +5)
You cannot fit into any form of body armour.
You are cold-blooded and may be slowed by cold attacks.


Message History

Sigmund is moderately wounded.
The searing ray hits Sigmund!
Sigmund is heavily wounded.
Sigmund points at you and mumbles some strange words.
The magic dart hits you.
The searing ray hits Sigmund.
Sigmund is severely wounded.
You finish channelling your searing ray.
Sigmund casts a spell at you. You resist with significant effort.
You hear a zap.
You hear a grinding noise.
You hear a zap.
You hear a grinding noise.
You hear a zap.
You hear a grinding noise.
Sigmund casts a spell at you. You resist with significant effort.
Casting: Searing Ray (safe; 3% risk of failure)
Confirm with . or Enter, or press ? or * to list all spells.
Aiming: Searing Ray (safe; 3% risk of failure)
Press: ? - help, Shift-Dir - straight line, f/p - Sigmund
Aim: Sigmund, wielding a +4 scythe of venom and wearing a +0 robe of fire resistance (severely wounded, 75% to hit)
The searing ray hits Sigmund.
Sigmund is severely wounded. (Press . to maintain the ray.)
The searing ray hits Sigmund.
Sigmund is almost dead.
The searing ray misses Sigmund.
Sigmund hits you from afar with a +4 scythe of venom!
You are poisoned.
You feel very sick.
You feel sick. Sigmund casts a spell at you.
You are confused.
You feel sick.
You feel sick.
You bump into the rock wall.
You feel sick.
You're too confused to move!
You feel sick.
You're too confused to aim your attacks!
You're too confused to move!
You feel sick.
Sigmund hits you from afar with a +4 scythe of venom!
You die...

#.# # #.### #
#.#.#.. ..
#.#.#.##.
.......
#.#.###.#
##.......#
#.@.@# #.####
#.##.##
#.#...#### ##
#@..<....+
#.##.#รท..####
#.#.##.##
#..#### ##.#


You could see Sigmund.

Vanquished Creatures
  2 dart slugs (D:1)
  A ball python (D:1)
  6 endoplasms
  2 giant cockroaches (D:1)
  2 goblins (D:1)
  2 hobgoblins
  A kobold (D:1)
  2 quokkas (D:1)
  A bat (D:1)
  2 frilled lizards (D:1)
  2 rats
23 creatures vanquished.

Notes
Turn   | Place    | Note
-------+----------+-------------------------------------------
     0 | D:1      | trckry the Draconian Conjurer began the quest for the Orb.
     0 | D:1      | Reached XP level 1. HP: 14/14 MP: 3/3
   219 | D:1      | Reached XP level 2. HP: 20/20 MP: 3/5
   255 | D:1      | Learned a level 2 spell: Searing Ray
  1274 | D:2      | Reached XP level 3. HP: 11/26 MP: 1/6
  1541 | D:2      | Noticed Sigmund
  1582 | D:2      | Mangled by Sigmund

Illustrated notes

Levels and vault maps discovered:
D:1:      eino_arrival_cavern_d, layout_basic, skrybe_limestone_x,
          serial_bayou_lagoon_a, nrook_mini_vaults
D:2:      minmay_chambers_of_ones, layout_loops_corners, uniq_natasha,
          uniq_sigmund, uniq_terence

Action                   || total
-------------------------++-------
Melee: Spear             ||     7
       Tailslap          ||     2
       Punch             ||     1
 Cast: Magic Dart        ||    53
       Searing Ray       ||     2
 Stab: Sleeping          ||     1
Armor: Skin              ||    10
Dodge: Dodged            ||    15
